Map: Heavy Artillery LE

Players

MapHacker

  • Race: Protoss Protoss
  • Spawn Location: 7:00

Starmanzo

  • Race: Protoss Protoss
  • Spawn Location: 7:00

Ekelpack - Winner!

  • Race: Zerg Zerg
  • Spawn Location: 3:00

Nyck - Winner!

  • Race: Terran Terran
  • League: Silver
  • Spawn Location: 1:00

VOD

Have the link to the VOD?

Description

Time

  • Played on: Oct. 23, 2024, 4:03 p.m.
  • Length: 9:16
Show
View Real Time Build Order
Export as new Build Order

MapHacker Protoss 

Build Orders: Double Forge 

Get SALT Encoding   

  12  0:02  Probe  
  13  0:14  Probe  
  14  0:26  Probe (Chrono Boost)  
  15  0:28  Pylon  
  15  0:45  Probe  
  16  0:52  Pylon  
  16  0:57  Gateway  
  16  1:01  Gateway  
  16  1:07  Pylon  
  16  1:09  Probe (Chrono Boost)  
  17  1:21  Probe (Chrono Boost)  
  18  1:35  Forge  
  18  1:38  Gateway  
  18  1:46  Pylon  
  18  1:49  Zealot  
  20  2:06  Pylon  
  20  2:13  Pylon  
  20  2:21  Zealot  
  20  2:22  Zealot  
  23  2:36  Gateway  
  21  2:54  Pylon  
  21  2:57  Forge  
  20  3:18  Probe  
  20  3:32  Photon Cannon  
  19  3:42  Cybernetics Core  
  18  4:01  Probe  
  19  4:05  Assimilator  
  19  4:20  Pylon  
  19  4:23  Probe  
  19  4:29  Assimilator  
  19  4:36  Gateway  
  19  5:04  Pylon  
  18  5:16  Warp Gate (Chrono Boost)  
  18  5:18  Probe  
  17  5:25  Stalker (Chrono Boost)  
  19  5:30  Probe  
  20  5:39  Stalker (Chrono Boost)  
  20  5:42  Probe  
  23  5:49  Shield Battery  
  25  5:57  Stalker (Chrono Boost)  
  25  6:12  Pylon  
  25  6:14  Pylon  
  25  6:30  Stalker  
  17  7:00  Stalker  
Show
View Real Time Build Order
Export as new Build Order

Starmanzo Protoss 

Build Orders:  

Get SALT Encoding   

  12  0:20  Pylon  
  12  0:26  Probe  
  13  0:38  Probe  
  14  0:45  Forge  
  14  0:50  Probe  
  15  1:02  Probe (Chrono Boost)  
  16  1:14  Probe (Chrono Boost)  
  17  1:21  Photon Cannon  
  17  1:23  Probe (Chrono Boost)  
  18  1:27  Photon Cannon  
  18  1:29  Probe  
  19  1:37  Pylon  
  19  1:41  Probe  
  20  3:30  Photon Cannon  
  20  3:40  Gateway x2  
  20  3:55  Assimilator  
  20  3:57  Assimilator  
  20  3:59  Pylon  
  21  4:31  Probe  
  21  4:38  Cybernetics Core  
  21  4:43  Probe  
  21  4:55  Probe  
  22  5:06  Photon Cannon  
  22  5:13  Stalker x2  
  26  5:21  Shield Battery  
  26  5:22  Warp Gate (Chrono Boost)  
  26  5:39  Nexus  
  20  5:50  Stalker x2  
  24  6:39  Stalker x2  
  28  7:09  Stalker x2  
  32  7:55  Stalker x2  
  36  8:19  Probe x2  
  38  8:31  Probe x2  
  37  8:43  Probe  
  37  8:44  Probe  
  38  8:52  Probe  
  38  8:56  Probe  
  38  9:00  Probe  
  38  9:02  Stalker x2  
Show
View Real Time Build Order
Export as new Build Order

Ekelpack Zerg - Winner!

Build Orders: Hatch First 

Get SALT Encoding   

  12  0:00  Drone  
  13  0:12  Overlord  
  13  0:17  Drone  
  14  0:31  Drone  
  15  0:41  Drone  
  16  0:48  Hatchery  
  15  1:02  Spawning Pool  
  14  1:06  Drone  
  15  1:11  Drone  
  15  1:13  Drone  
  15  1:17  Extractor  
  16  1:19  Drone  
  17  1:32  Drone  
  18  1:39  Drone  
  19  1:50  Queen  
  21  1:57  Drone  
  21  2:00  Queen  
  24  2:04  Drone  
  24  2:07  Drone  
  26  2:12  Overlord  
  26  2:19  Extractor  
  25  2:23  Drone  
  25  2:27  Lair  
  26  2:30  Drone  
  26  2:32  Drone  
  28  2:40  Drone  
  28  2:41  Drone  
  30  2:44  Drone  
  31  2:55  Drone x2  
  31  2:56  Extractor  
  32  3:01  Overlord  
  32  3:03  Drone x3  
  35  3:07  Drone  
  35  3:11  Extractor  
  35  3:12  Drone  
  36  3:25  Spire  
  35  3:28  Drone x3  
  38  3:37  Overlord  
  38  3:40  Drone x4  
  42  3:45  Queen  
  44  3:48  Overlord  
  44  4:16  Overlord  
  44  4:36  Mutalisk  
  44  4:37  Mutalisk x5  
  56  4:39  Mutalisk x3  
  56  4:45  Hatchery  
  61  4:51  Zerg Flyer Weapons Level 1  
  61  4:54  Drone x2  
  61  4:55  Drone x5  
  61  4:57  Overlord  
  68  5:16  Overlord x2  
  68  5:18  Extractor  
  68  5:20  Extractor  
  66  5:30  Infestation Pit  
  66  5:33  Evolution Chamber  
  66  5:34  Drone x3  
  67  5:35  Evolution Chamber  
  67  5:50  Zergling x12  
  67  5:51  Zergling x2  
  73  6:06  Drone x4  
  77  6:12  Zerg Melee Weapons Level 1, Zerg Ground Armor Level 1  
  77  6:14  Hive  
  77  6:24  Drone x3  
  80  6:36  Drone x6  
  86  6:47  Zerg Flyer Weapons Level 2  
  86  6:52  Hatchery, Overlord x2  
  85  7:07  Overlord  
  85  7:26  Metabolic Boost  
  85  7:32  Zergling x4  
  85  7:33  Ultralisk Cavern, Zergling x12  
  85  7:34  Zergling x12  
  85  7:35  Zergling x2  
  99  8:05  Mutalisk x6  
  101  8:06  Mutalisk x3  
  101  8:07  Zergling x2, Overlord x3  
  118  8:24  Zergling x12  
  118  8:25  Zergling x2  
  125  8:52  Zergling x4  
  125  8:53  Zergling x14  
  125  8:54  Zergling x12  
Show
View Real Time Build Order
Export as new Build Order

Nyck Terran - Winner!

Build Orders:  

Get SALT Encoding   

  12  0:00  SCV  
  13  0:15  SCV  
  13  0:19  Supply Depot  
  14  0:27  SCV  
  15  0:41  SCV  
  15  0:42  Barracks  
  16  0:48  Refinery  
  16  0:53  SCV  
  17  1:07  SCV  
  18  1:20  SCV  
  19  1:31  Supply Depot  
  19  1:33  Reaper  
  19  1:35  Orbital Command  
  20  1:46  Barracks  
  20  1:48  Barracks  
  20  1:52  Engineering Bay  
  20  2:02  SCV  
  21  2:08  Barracks Tech Lab  
  21  2:14  SCV  
  22  2:18  Terran Infantry Weapons Level 1  
  22  2:25  Refinery  
  22  2:38  Command Center  
  22  2:43  SCV  
  23  3:08  SCV  
  24  3:25  SCV  
  24  3:26  Marine x2  
  27  4:04  SCV  
  27  4:05  Barracks Reactor  
  27  4:16  Command Center  
  27  4:17  Marine  
  27  4:18  Combat Shield  
  27  4:22  Terran Infantry Armor Level 1  
  28  4:38  Marine  
  29  4:43  Orbital Command  
  29  4:45  SCV  
  30  4:50  Marine  
  31  4:56  Barracks Reactor  
  31  5:01  Supply Depot  
  31  5:04  SCV  
  32  5:08  Marine  
  32  5:09  Marine  
  34  5:16  SCV  
  34  5:19  Marauder  
  34  5:20  SCV  
  38  5:24  Supply Depot, Refinery  
  38  5:28  SCV  
  40  5:32  SCV  
  40  5:36  Marine x2  
  40  5:37  Marine x2  
  40  5:40  SCV  
  45  5:44  SCV  
  45  5:45  Factory  
  45  5:46  Supply Depot  
  46  5:53  Engineering Bay  
  46  5:57  SCV x2  
  46  6:02  Marine x3  
  46  6:03  Marine  
  46  6:04  Marauder  
  54  6:08  Supply Depot  
  54  6:09  SCV x2  
  56  6:21  Orbital Command, SCV  
  56  6:22  SCV  
  58  6:30  Refinery  
  58  6:32  Supply Depot  
  58  6:33  SCV  
  58  6:34  SCV  
  58  6:39  Supply Depot  
  60  6:43  Factory Reactor  
  60  6:44  Starport, Marine x2  
  60  6:45  Marine x2  
  60  6:46  SCV x2, Marauder  
  68  6:48  Stimpack  
  68  6:57  Armory  
  68  7:00  SCV x2  
  68  7:01  Supply Depot, SCV  
  71  7:02  Supply Depot  
  71  7:03  Marine x2  
  71  7:04  Marine x2  
  71  7:08  Refinery  
  75  7:09  Refinery  
  75  7:12  SCV x2, Marauder  
  75  7:13  SCV  
  80  7:25  Supply Depot  
  80  7:28  Barracks  
  80  7:29  Barracks  
  80  7:30  Medivac x2  
  80  7:34  Marine x3, Marauder  
  80  7:35  Marine  
  90  7:41  SCV x3  
  93  7:56  SCV x3  
  96  8:03  Medivac x2  
  96  8:04  Marine x3  
  96  8:05  Marine, Marauder  
  106  8:08  SCV x3  
  106  8:12  Supply Depot  
  109  8:17  Barracks Reactor  
  109  8:21  Barracks  
  109  8:26  Marauder  
  111  8:27  Concussive Shells  
  111  8:29  SCV x2  
  111  8:30  SCV  
  114  8:36  Supply Depot  
  114  8:41  SCV x2, Marine x3  
  115  8:42  SCV, Marine  
  115  8:45  Barracks Tech Lab  
  115  8:47  Marauder, Barracks Reactor  
  123  8:55  Marine x2  
  123  9:00  Supply Depot  
  123  9:02  SCV x3  
Tags
 
Add a new tag
Caveats
  • Supply blocks, unpowered buildings, or Contaminate may cause inaccurate times.
  • Supply counts are checked every 10 seconds.